 Dungeon Crawl Stone Soup version 0.22-a0-567-gff9aefc (webtiles) character file.

310 kae the Insei (level 6, -1/44 HPs)
             Began as a Demonspawn Transmuter on June 29, 2018.
             Was an Initiate of Okawaru.
             Killed by divine providence
             ... invoked by an orc priest
              (16 damage)
             ... on level 4 of the Dungeon.
             The game lasted 00:04:24 (4487 turns).

kae the Insei (Demonspawn Transmuter)               Turns: 4487, Time: 00:04:25

Health: -1/44      AC:  2    Str: 11    XL:     6   Next: 18%
Magic:  7/10       EV: 14    Int: 14    God:    Okawaru [......]
Gold:   205        SH:  7    Dex: 15    Spells: 5/11 levels left

rFire    . . .     SeeInvis .     - Unarmed
rCold    . . .     Gourm    .   r - +3 buckler
rNeg     . . .     Faith    .   b - +0 robe
rPois    .         Spirit   .   (no helmet)
rElec    .         Reflect  .   (no cloak)
rCorr    .         Harm     .   (no gloves)
MR       .....                  (no boots)
Stlth    +.........             (no amulet)
HPRegen  0.14/turn              (no ring)
MPRegen  0.12/turn              (no ring)

@: no status effects
A: talons 1, repulsion field 1
a: Renounce Religion


You were on level 4 of the Dungeon.
You worshipped Okawaru.
Okawaru was noncommittal.
You were not hungry.

You visited 1 branch of the dungeon, and saw 4 of its levels.

You collected 205 gold pieces.

Inventory:

Missiles
 a - 20 arrows
Armour
 b - a +0 robe (worn)
 r - a +3 buckler (worn)
Wands
 o - a wand of iceblast (13)
Scrolls
 c - 2 scrolls of enchant armour
 e - a scroll of remove curse
 h - a scroll of fog
 l - a scroll of amnesia
Potions
 f - a potion of flight
 g - a potion of brilliance
 i - a potion of berserk rage {unknown}
 j - 2 potions of degeneration {unknown}
 m - a potion of haste {unknown}
 n - a potion of curing {unknown}
Comestibles
 d - 8 rations
 k - 7 chunks of flesh


   Skills:
 + Level 2.3 Fighting
 - Level 1.7 Dodging
 + Level 0.5 Shields
 * Level 4.2 Unarmed Combat
 + Level 3.0 Spellcasting
 * Level 3.4 Transmutations
 + Level 1.9 Invocations


You had 5 spell levels left.
You knew the following spells:

 Your Spells              Type           Power        Failure   Level  Hunger
a - Beastly Appendage     Tmut           ##....       9%          1    #......
b - Sticks to Snakes      Tmut           ##......     12%         2    ##.....
c - Spider Form           Tmut/Pois      #.........   45%         3    ###....

Your spell library contained the following spells:

 Spells                   Type           Power        Failure   Level  Hunger
 Blade Hands              Tmut           ##........   92%         5    ######.
 Ice Form                 Ice/Tmut       #.......     86%         4    #####..


Dungeon Overview and Level Annotations

Branches:
Dungeon (4/15)
 Temple: D:4-7

Altars:
Cheibriados
Hepliaklqana
Okawaru


Innate Abilities, Weirdness & Mutations

You have sharp toenails.
You are surrounded by a mild repulsion field. (EV +2)


Message History

The giant cockroach struggles to escape constriction.
The orc hits you but does no damage.
Your adder bites the orc but does no damage.
You hit the orc priest. You claw the orc priest.
The orc priest is moderately wounded.
The centaur skeleton completely misses your adder.
The giant cockroach barely misses your ball python.
Your ball python bites the giant cockroach but does no damage.
Your ball python constricts the giant cockroach.
Your adder bites the orc but does no damage.
The orc hits you with a club. The orc priest barely misses you.
You punch the orc priest! You claw the orc priest.
The orc priest is almost dead.
Your ball python loses its grip on the giant cockroach.
Your ball python withers and dies!
The centaur skeleton barely misses your adder.
Your adder bites the orc.
The orc priest invokes the aid of Beogh against you.
Beogh smites you!
You die...

# ######## #.........# #
#.......# #....###.##
#.......# #....#...'.
#.......# #....#...##
.......# #....##..# ##
#.....# +........# .#
#..Z.!##+##........# .#
+..oS.<............# .#
#..o@......##'#....# .#
......s)......#..#....##
+#
....#+###.....'..#......
.... ...
#.....#..#...... ... .
#.....#..#...... .).
#.....#..#...... ..#
#.....#..#...... ..#
#.....#..#...... ..#
+.....#..#......


You could see an orc priest, an orc, a giant cockroach, a centaur skeleton and a
friendly adder.

Vanquished Creatures
  A howler monkey (D:4)
  2 iguanas
  A worker ant (D:3)
  2 gnolls
  4 adders
  An ooze (D:3)
  3 worms
  2 dart slugs
  6 leopard geckos
  8 orcs
  6 giant cockroaches
  10 goblins
  12 hobgoblins
  7 jackals (D:3)
  11 kobolds
  2 quokkas
  A ball python (D:2)
  8 bats
  7 frilled lizards
  2 jackal skeletons (D:4)
  5 rats
101 creatures vanquished.

Vanquished Creatures (collateral kills)
  A gnoll (D:4)
  An adder (D:4)
  A kobold (D:2)
  A rat (D:2)
4 creatures vanquished.

Grand Total: 105 creatures vanquished

Notes
Turn   | Place    | Note
-------+----------+-------------------------------------------
     0 | D:1      | kae the Demonspawn Transmuter began the quest for the Orb.
     0 | D:1      | Reached XP level 1. HP: 15/15 MP: 3/3
   318 | D:1      | Gained mutation: You have sharp toenails. [demonic ancestry]
   318 | D:1      | Reached XP level 2. HP: 19/21 MP: 5/5
   430 | D:1      | Reached skill level 3 in Unarmed Combat
   876 | D:1      | Reached XP level 3. HP: 20/26 MP: 6/6
  1262 | D:1      | Learned a level 2 spell: Sticks to Snakes
  1266 | D:1      | Learned a level 3 spell: Spider Form
  1872 | D:2      | Gained mutation: You are surrounded by a mild repulsion field. (EV +2) [demonic ancestry]
  1872 | D:2      | Reached XP level 4. HP: 33/33 MP: 4/7
  1880 | D:2      | Found an iron altar of Okawaru.
  1893 | D:2      | Became a worshipper of Warmaster Okawaru
  2470 | D:2      | Found a snail-covered altar of Cheibriados.
  3075 | D:3      | Reached skill level 1 in Invocations
  3171 | D:3      | Reached XP level 5. HP: 33/38 MP: 8/8
  3808 | D:3      | Found a hazy altar of Hepliaklqana.
  3821 | D:3      | Reached skill level 4 in Unarmed Combat
  4249 | D:4      | Reached XP level 6. HP: 13/44 MP: 8/10
  4487 | D:4      | Killed from afar by an orc priest

Vault maps used:
D:1:      roderic_octagonal_star, minmay_tetromino_l4
D:2:      marbit_many_paths, okawaru_altar_gauntlet_db
D:3:      lemuel_round_altar
D:4:      first_ration, gup_sewer_entry_spiral, minmay_door_square

Skill      XL: |  1  2  3  4  5 |
---------------+----------------+-----
Transmutations | 2 3 |  3.4
Unarmed Combat | 3 4 |  4.2
Invocations    | 1 |  1.9
Fighting       | 2 |  2.3
Spellcasting   | 3 |  3.0
Dodging        | |  1.7
Shields        | |  0.5

Action                   |  1- 3 |  4- 6 || total
-------------------------+-------+-------++-------
Melee: Unarmed           |   115 |   180 ||   295
       Kick              |    20 |    33 ||    53
       Headbutt          |     6 |     3 ||     9
       Punch             |       |     1 ||     1
 Cast: Beastly Appendage |    14 |     8 ||    22
       Sticks to Snakes  |     3 |     9 ||    12
       Spider Form       |     2 |     9 ||    11
  Use: Scroll            |       |    11 ||    11
       Potion            |       |     3 ||     3
 Stab: Sleeping          |     3 |     2 ||     5
  Eat: Chunk             |     3 |    12 ||    15
Armor: Robe              |    24 |    16 ||    40
       Skin              |       |     2 ||     2
Dodge: Dodged            |    73 |   124 ||   197
Block: Buckler           |       |    10 ||    10

Table legend:
 A = Spawn XP
 B = Non-spawn XP
 C = Spawn XP percentage of total XP
 D = Spawn monster count
 E = Non-spawn monster count
 F = Spawn count percentage of total count
 G = Total turns spent on level
                    A         B        C        D         E        F      G
               +---------+---------+-------+---------+---------+-------+---------
         Total |       0 |     444 |   0.0 |       0 |     102 |   0.0 |  4487
               +---------+---------+-------+---------+---------+-------+---------
           D:1 |       0 |      48 |   0.0 |       0 |      27 |   0.0 |  1267
           D:2 |       0 |     110 |   0.0 |       0 |      36 |   0.0 |  1749
           D:3 |       0 |     152 |   0.0 |       0 |      29 |   0.0 |   957
           D:4 |       0 |     134 |   0.0 |       0 |      10 |   0.0 |   514
               +---------+---------+-------+---------+---------+-------+---------
